Cogmind - Beta 17.1 @@@ ROGUE MODE // 2026.08.28 @ 22:14:25 Player: Finn Result: Destroyed by 62-R5B(j) with Overtuned Pulse Rifle Performance ------------- Evolutions (0) 0 Regions Visited (4) 800 Robots Destroyed (16) 80 Value Destroyed (514) 514 Prototype IDs (1) 20 Alien Tech Used (0) 0 Bonus (744) 744 TOTAL SCORE: 2158 Bonus ------- Registered with UFD 300 Met Optimus in HQ 500 Friendly Fire -56 Cogmind --------- Core Integrity 0/250 Matter 300/300 Energy 250/250 System Corruption 0% Temperature Cool (30) Movement Rolling (48) Location -9/Scraptown Parts ------- > --- POWER (1) -------- Ion Engine > --- PROPULSION (2) --- Wheel Armored Wheel > --- UTILITY (2) ------ Rocket Booster > --- WEAPON (2) ------- Companion Sword > --- INVENTORY (5) ---- Subdweller Power Source A0-MCA's Component Scanner Scrap Shield Fragment (49) DRS Beacon (Ready) PL-3XN's Ring of Power Peak State ------------ > --- POWER ------------ Ion Engine > --- PROPULSION ------- Wheel Armored Wheel > --- UTILITY ---------- Scrap Suit > --- WEAPON ----------- Ripteeth Companion Sword > --- INVENTORY -------- Subdweller Power Source A0-MCA's Component Scanner Scrap Shield Fragment Scrap Shield Fragment DRS Beacon [Rating: 24] Favorites ----------- Power Subdweller Power Source Engine Subdweller Power Source Propulsion Aluminum Leg Leg Aluminum Leg Wheel Armored Wheel Utility Makeshift Light Armor Plating Device Subdweller Optics Protection Makeshift Light Armor Plating Weapon Beam Cannon Energy Gun Medium Laser Energy Cannon Beam Cannon Ballistic Gun Subdweller Machine Gun Special Weapon Flamer Slashing Weapon Companion Sword Build | -11 -10 -10 -9 -9 ------- Run | Yrd Mat Sub Rec Scr Slots Evolved . | . . . . . Power . | . . . . . Propulsion . | . . . . . Utility . | . . . . . Weapon . | . . . . . Parts Attached 21 | 5 1 8 1 6 Power 5 | 1 . 3 . 1 Engine 5 | 1 . 3 . 1 Core . | . . . . . Reactor . | . . . . . Propulsion 4 | 2 . . . 2 Treads . | . . . . . Leg 2 | 2 . . . . Wheel 2 | . . . . 2 Hover . | . . . . . Flight . | . . . . . Utility 4 | . . 2 . 2 Device 3 | . . 1 . 2 Storage . | . . . . . Processor . | . . . . . Hackware . | . . . . . Protection 1 | . . 1 . . Artifact . | . . . . . Weapon 8 | 2 1 3 1 1 Energy Gun 3 | 2 . . 1 . Energy Cannon 2 | . 1 1 . . Ballistic Gun 1 | . . 1 . . Ballistic Cannon . | . . . . . Launcher . | . . . . . Special Weapon 1 | . . 1 . . Impact Weapon . | . . . . . Slashing Weapon 1 | . . . . 1 Piercing Weapon . | . . . . . Special Melee Weapon . | . . . . . Unidentified Prototypes 1 | . . . . 1 Parts Lost 5 | . . 3 1 1 Power 1 | . . 1 . . Propulsion 2 | . . 1 1 . Utility . | . . . . . Weapon 2 | . . 1 . 1 Highest Loss Streak 2 | . . 2 1 1 To Critical Strikes . | . . . . . Average Backups 1 | 1 1 1 . . Power . | . 1 . . . Propulsion . | . . . . . Utility . | . . . . . Weapon . | . . 1 . . Tool/Special . | . . . . . Unused Backups 2 | . . 1 . 1 Power . | . . . . . Propulsion . | . . . . . Utility 1 | . . . . 1 Weapon 1 | . . 1 . . Tool/Special . | . . . . . Average Slot Usage (%) 66 | . 71 71 72 59 Engine 13 | . 14 13 14 14 Leg 9 | . 28 20 1 . Wheel 7 | . . . . 17 Device 8 | . . . 14 14 Protection 7 | . . 7 14 6 Energy Gun 4 | . 21 3 5 . Energy Cannon 7 | . 6 14 14 . Ballistic Gun 3 | . . 6 8 . Slashing Weapon 2 | . . . . 6 Peak Build Rating 24 | 5 5 12 12 24 Average Rating 10 | 3 5 7 11 13 On Entrance 6 | . 5 5 12 11 Avg Prop Armor Cover (%) . | . . . . . Naked Turns . | . . . . . Heaviest Build 18 | 8 10 18 18 17 Greatest Support 22 | 20 20 20 10 22 Greatest Overweight (x) 5 | . . 1 5 5 Average Overweight (x) . | . . . 4 . Largest Inventory Capacity 5 | 5 5 5 5 5 Average Capacity 5 | 5 5 5 5 5 Most Carried 5 | 4 3 5 3 5 Average Carried 3 | 1 1 4 2 3 Final Capacity 5 | 5 5 5 5 5 Final Carried 5 | 1 3 2 3 5 Scrap Suit Usage (%) 16 | . . . . 38 Parts Cannibalized 2 | . . . . 2 Class Distribution -------------------- 83% | Mutant 15% | Scrapper Dominant Class ---------------- Mutant | -10/Materials Mutant | -10/Subcaves Mutant | -9/Recycling Mutant | -9/Scraptown Resources | -11 -10 -10 -9 -9 ----------- Run | Yrd Mat Sub Rec Scr Matter Collected 534 | 218 . 140 86 90 Remotely . | . . . . . Salvage Created 650 | . . 301 197 152 Parts 23 | . . 12 3 8 Haulers Intercepted . | . . . . . Recyclers Shooed . | . . . . . Parts Field Recycled . | . . . . . Retrieved Matter . | . . . . . Parts Self-Destructed 23 | . . 23 . . Prevented . | . . . . . Parts Restored . | . . . . . Kills | -11 -10 -10 -9 -9 ------- Run | Yrd Mat Sub Rec Scr Combat Hostiles Destroyed 13 | . . 8 3 2 Melee 2 | . . . . 2 Guns 4 | . . 3 1 . Cannons 6 | . . 5 1 . Classes Destroyed 7 | . . 3 2 2 Turret 2 | . . 2 . . Swarmer 2 | . . 2 . . Sentry 3 | . . . 3 . Subdweller 6 | . . 6 . . Bolteater 1 | . . . . 1 Scrapper 1 | . . . . 1 Zionite 1 | . . . 1 . Best Kill Streak 4 | . . 4 2 1 Combat Bots Only 2 | . . 2 2 1 Max Kills in Single Turn 1 | . . 1 1 1 Gunslinging . | . . . . . Exploded . | . . . . . Melee 1 | . . . . 1 Uniques/NPCs Destroyed . | . . . . . Combat | -11 -10 -10 -9 -9 -------- Run | Yrd Mat Sub Rec Scr Hostile Shots Fired 92 | . . 50 26 16 Missed 27 | . . 16 8 3 Hits 65 | . . 34 18 13 Melee 7 | . . . . 7 Projectile 58 | . . 34 18 6 Critical Strikes 1 | . . . . 1 Damage Taken 1067 | . . 688 269 110 Core 263 | . . 127 91 45 Absorbed by Shields . | . . . . . Regen/Repaired (Parts) 17 | . . . . 17 Core Remaining (%) 100 | 100 . . . . Volleys Fired 46 | . . 30 16 . Largest 2 | . . 2 2 . Hottest 160 | . . 160 105 . Shots Fired 70 | . . 49 21 . Gun 20 | . . 15 5 . Cannon 46 | . . 30 16 . Launcher . | . . . . . Special 4 | . . 4 . . Kinetic 11 | . . 11 . . Thermal 54 | . . 38 16 . Explosive . | . . . . . Electromagnetic 5 | . . . 5 . Robot Hit Streak 7 | . . 7 6 . Robot Miss Streak 3 | . . 3 1 . Penetration Max . | . . . . . Secondary Targets . | . . . . . Shots Hit Robots 57 | . . 36 17 4 Core Hits 23 | . . 16 5 2 Critical Kills 1 | . . . 1 . Critical Parts Destroyed . | . . . . . Critical Strikes 3 | . . 2 1 . Burn 2 | . . 2 . . Meltdown 1 | . . . 1 . Melee Attacks 21 | . . . . 21 Impact . | . . . . . Slashing 21 | . . . . 21 Piercing . | . . . . . Sneak Attacks 1 | . . . . 1 Combat Hostiles 1 | . . . . 1 Follow-up Attacks . | . . . . . Damage Inflicted 1204 | . . 624 370 210 Guns 260 | . . 196 64 . Cannons 627 | . . 384 243 . Explosions 63 | . . . 63 . Melee 210 | . . . . 210 Ramming . | . . . . . Kinetic 147 | . . 147 . . Thermal 783 | . . 477 306 . Explosive . | . . . . . Electromagnetic 64 | . . . 64 . Impact . | . . . . . Slashing 210 | . . . . 210 Piercing . | . . . . . Highest Corruption . | . . . . . Average Corruption . | . . . . . Corruption Purged . | . . . . . Corruption Blocked . | . . . . . Overload Shots . | . . . . . Overflow Damage 35 | . . . . 35 Projectiles . | . . . . . Explosions . | . . . . . Melee 35 | . . . . 35 Knockbacks . | . . . . . Impact . | . . . . . Kinetic . | . . . . . Secondary . | . . . . . Self-Inflicted Damage . | . . . . . Shots . | . . . . . Rammed . | . . . . . Targets Rammed . | . . . . . Kicked . | . . . . . Crushed . | . . . . . Highest Temperature 437 | . . 128 437 18 Average Temperature 160 | . . 75 192 18 Received Heat Transfer 250 | . . 108 81 61 Effects 7 | . . . 7 . Shutdowns 2 | . . . 2 . Energy Bleed 1 | . . . 1 . Interference 2 | . . . 2 . Matter Decay 2 | . . . 2 . Siege Activations . | . . . . . Martial Activations . | . . . . . Shielding Activations . | . . . . . Robots Disrupted . | . . . . . Combat Hostiles . | . . . . . Robots Corrupted . | . . . . . Combat Hostiles . | . . . . . Parts Fried . | . . . . . Impact Corruptions . | . . . . . Robots Melted 1 | . . . 1 . Combat Hostiles 1 | . . . 1 . Parts Melted 7 | . . 3 4 . Heat Transferred 2048 | . . 1430 618 . Parts Sabotaged . | . . . . . Parts Stolen . | . . . . . Parts Stripped . | . . . . . Power Chain Reactions 1 | . . . 1 . Alert | -11 -10 -10 -9 -9 ------- Run | Yrd Mat Sub Rec Scr Maximum Alert Level . | . . . . . Low Security (%) 100 | 100 100 . 100 . Level 1 . | . . . . . Level 2 . | . . . . . Level 3 . | . . . . . Level 4 . | . . . . . Level 5 . | . . . . . High Security . | . . . . . Max Security . | . . . . . Peak Influence 58 | . . . 58 . Initial 48 | . . . 48 . Average 4 | . . . 8 . Influence Increases 179 | . . 110 69 . Destroy 0b10 Robot/C 140 | . . 80 60 . Successful Hack 4 | . . . 4 . Destroy Structure 5 | . . . 5 . Lose Combat Pursuer 30 | . . 30 . . Influence Decreases 179 | . . 8 171 . Entered New Map 54 | . . . 54 . Time Decay 115 | . . 8 107 . Lost Part 10 | . . . 10 . Squads Dispatched 1 | . 1 . . . Investigation . | . . . . . Extermination . | . . . . . Reinforcement 1 | . 1 . . . Assault . | . . . . . Garrison . | . . . . . Intercept . | . . . . . Searches Triggered . | . . . . . Construction Impeded . | . . . . . Haulers Reinforced . | . . . . . Active Scanning Responses . | . . . . . Cargo Convoy Interrupts . | . . . . . Stealth | -11 -10 -10 -9 -9 --------- Run | Yrd Mat Sub Rec Scr Distress Signals . | . . . . . Communications Jammed . | . . . . . Distress Signals . | . . . . . Times Spotted 24 | . . 11 3 10 Peak Tracking Total 6 | . . 3 2 6 Tactical Retreats 3 | . . 2 . 1 Traps | -11 -10 -10 -9 -9 ------- Run | Yrd Mat Sub Rec Scr Traps Triggered 2 | . . 2 . . Indirectly . | . . . . . Trap Hack Attempts . | . . . . . Triggered . | . . . . . Disarmed . | . . . . . Reprogrammed . | . . . . . Reused . | . . . . . Traps Extracted . | . . . . . Installed . | . . . . . Triggered . | . . . . . Machines | -11 -10 -10 -9 -9 ---------- Run | Yrd Mat Sub Rec Scr Machines Disabled 2 | . . . . 2 Max in Single Turn 1 | . . . . 1 Machines Repaired . | . . . . . Machines Dismantled . | . . . . . Machines Sabotaged . | . . . . . Overloaded Fab Kills . | . . . . . Hacking | -11 -10 -10 -9 -9 --------- Run | Yrd Mat Sub Rec Scr Machines Accessed 16 | . 3 1 7 5 Terminals 4 | . 2 . 2 . Fabricators . | . . . . . Repair Stations . | . . . . . Recycling Units 4 | . 1 . 3 . Scanalyzers . | . . . . . Garrison Access . | . . . . . Total Hacks 71 | . 6 3 30 32 Successful 66 | . 2 3 29 32 Failed 5 | . 4 . 1 . Catastrophic . | . . . . . Database Lockouts . | . . . . . Manual . | . . . . . Terminals 7 | . 5 . 2 . Fabricators . | . . . . . Repair Stations . | . . . . . Recycling Units 5 | . 1 . 4 . Scanalyzers . | . . . . . Garrison Access . | . . . . . Terminal Hacks 62 | . 1 3 26 32 Record 54 | . . 3 25 26 Robot Analysis 5 | . . . . 5 Open Door 1 | . . . . 1 Scanalyzer Index 1 | . 1 . . . Dispatch Records 1 | . . . 1 . Fabricator Hacks . | . . . . . Repair Station Hacks . | . . . . . Recycling Unit Hacks 4 | . 1 . 3 . Process 2 | . . . 2 . Report Inventory 1 | . 1 . . . Retrieve Matter 1 | . . . 1 . Scanalyzer . | . . . . . Garrison Access Hacks . | . . . . . Unauthorized Hacks . | . . . . . Terminals . | . . . . . Fabricators . | . . . . . Repair Stations . | . . . . . Recycling Units . | . . . . . Scanalyzers . | . . . . . Garrison Access . | . . . . . Data Cores Recovered . | . . . . . Used . | . . . . . Hacking Detections 1 | . 1 . . . Full Trace Events . | . . . . . Feedback Events . | . . . . . Feedback Blocked . | . . . . . Robot Schematics Acquired . | . . . . . Robots Built . | . . . . . Authchips . | . . . . . Time . | . . . . . Total Robot Build Rating . | . . . . . Part Schematics Acquired . | . . . . . Parts Built . | . . . . . Authchips . | . . . . . Time . | . . . . . Total Part Build Rating . | . . . . . Part Studies Acquired . | . . . . . Parts Repaired . | . . . . . Time . | . . . . . Parts Recycled . | . . . . . Recycled Matter 18 | . . . 18 . Retrieved Matter . | . . . . . Retrieved Components . | . . . . . Parts Scanalyzed . | . . . . . Part Schematics Acquired . | . . . . . Parts Damaged . | . . . . . Bothacking | -11 -10 -10 -9 -9 ------------ Run | Yrd Mat Sub Rec Scr Used RIF Installer . | . . . . . Robots Hacked . | . . . . . Non-combat . | . . . . . Combat . | . . . . . Robot Hacks Applied . | . . . . . Relay Couplers Released . | . . . . . Fabnet Peak Effective % . | . . . . . Robots Rewired . | . . . . . Allies Hacked . | . . . . . Hacks Repelled . | . . . . . Allies | -11 -10 -10 -9 -9 -------- Run | Yrd Mat Sub Rec Scr Total Allies . | . . . . . Largest Group . | . . . . . Highest-Rated Group . | . . . . . Highest-Rated Ally . | . . . . . Total Orders . | . . . . . Ally Attacks . | . . . . . Total Damage . | . . . . . Kills . | . . . . . Allies Corrupted . | . . . . . Allies Melted 5 | . . . . 5 Intel | -11 -10 -10 -9 -9 ------- Run | Yrd Mat Sub Rec Scr Active Infowar (turns) 115 | . . 15 100 . Optics 115 | . . 15 100 . Robot Analysis Total 5 | . . . . 5 Derelict Logs Recovered 1 | . . 1 . . Drone Launches . | . . . . . Drone Recoveries . | . . . . . Exploration | -11 -10 -10 -9 -9 ------------- Run | Yrd Mat Sub Rec Scr Turns Passed 4470 | 51 500 1275 715 1929 Spaces Moved 2593 | 39 178 760 229 1387 Core 525 | 8 . . 211 306 Treads . | . . . . . Legs 987 | 31 178 760 18 . Wheels 1081 | . . . . 1081 Hover . | . . . . . Flight . | . . . . . Fastest Speed 48 | 50 120 120 190 48 Average Speed 137 | 105 120 147 291 110 Slowest Speed 300 | 120 120 190 300 300 Overloaded Moves . | . . . . . Propulsion Burnouts . | . . . . . Robots Hopped . | . . . . . Potential Cave-ins . | . . . . . Cave-ins Triggered . | . . . . . Exploration Rate (%) 33 | 3 19 51 43 52 Regions Visited 4 Branch Regions 3 Pre-discovered Areas 1 | . . 1 . . Known Exits Taken . | . . . . . Unknown Exits Taken 4 | 1 1 1 1 . Scrap Searched 7 | . . 3 . 4 Spaces Dug . | . . . . . Terrain Destroyed 5 | . . . 5 . Melee . | . . . . . Projectile . | . . . . . AOE 5 | . . . 5 . Terrain Rammed . | . . . . . Walls Destroyed . | . . . . . Machines Disabled . | . . . . . Actions | -11 -10 -10 -9 -9 --------- Run | Yrd Mat Sub Rec Scr Total 3389 | 49 464 857 257 1762 Wait 646 | . 284 39 9 314 Move 2589 | 38 177 759 228 1387 Hop . | . . . . . Pick Up 35 | 6 2 10 1 16 Fast Attach 2 | . . 2 . . Attach 15 | 5 . 3 . 7 Detach . | . . . . . Swap 7 | . 1 4 1 1 Drop 26 | . . 10 . 16 Fire 46 | . . 30 16 . Melee 21 | . . . . 21 Ram . | . . . . . Kick . | . . . . . Crush . | . . . . . Escape Stasis . | . . . . . Rewire 2 | . . . 2 . Trap . | . . . . . Miscellaneous . | . . . . . Route ------- -11/Scrapyard -10/Materials -10/Subcaves (discovered 3 exits: [*Mat x2] / *Rec) -9/Recycling -9/Scraptown (discovered 1 exit: [*Fac]) History --------- Turn | Location | Event 22 | -11/Scrapyard | Discovered new exit (range 16) 52 | -11/Scrapyard | Entered Materials 321 | -10/Materials | Build established: Mutant 542 | -10/Materials | Discovered new exit (range 8) 552 | -10/Materials | Entered Subcaves 553 | -10/Subcaves | Approached by a straggling Scientist 586 | -10/Subcaves | A swath of the cavern ceiling suddenly collapsed 1085 | -10/Subcaves | Shifting Twisted Machinery released Sub. Laser 1112 | -10/Subcaves | Shifting Twisted Machinery released Mak. Sword 1115 | -10/Subcaves | Discovered new exit (range 3) 1117 | -10/Subcaves | Shifting Twisted Machinery released Mak. Light Armor Plating 1122 | -10/Subcaves | Learned location of Zion (-7) 1152 | -10/Subcaves | A swath of the cavern ceiling suddenly collapsed 1521 | -10/Subcaves | Visited Clippyterm 1526 | -10/Subcaves | Learned Factory garrison access intel 1577 | -10/Subcaves | Shifting Twisted Machinery released Hvy. Riot Gun 1589 | -10/Subcaves | Shifting Twisted Machinery released Flamer 1717 | -10/Subcaves | Discovered new exit (range 6) 1798 | -10/Subcaves | Discovered new exit (range 11) 1801 | -10/Subcaves | Core integrity fell below 50% 1827 | -10/Subcaves | Entered Recycling 1828 | -9/Recycling | Met a Zionite searching for Scraptown 1878 | -9/Recycling | Core integrity fell below 20% 2446 | -9/Recycling | Scanned before Scraplab entrance 2491 | -9/Recycling | Entered Scraplab 2533 | -9/Recycling | Discovered new exit (range 2) 2542 | -9/Recycling | Entered Scraptown 2602 | -9/Scraptown | Heard Great Nut preacher, LISTEN AND RECITE! 2902 | -9/Scraptown | Visited UFD Registry 2902 | -9/Scraptown | Registered with UFD as "Megaforce" 2972 | -9/Scraptown | Visited Sword Containment 3004 | -9/Scraptown | Visited A0-MCA Data Center 3042 | -9/Scraptown | Visited LU-1G1's Boring Crew 3290 | -9/Scraptown | Visited Abandonware Association 3331 | -9/Scraptown | Visited DA-N13 Charitable Foundation 3340 | -9/Scraptown | Found DCF Scrap (29 items) 3363 | -9/Scraptown | Visited Observation Area 3396 | -9/Scraptown | Visited Junk Repository 3465 | -9/Scraptown | Found Scrap Suit 3480 | -9/Scraptown | Discovered new exit (range 5) 3519 | -9/Scraptown | Visited Analyses Database 3539 | -9/Scraptown | Visited Curators Association 3606 | -9/Scraptown | Visited Derelict Rescue Squad 3611 | -9/Scraptown | Found DRS Beacon 3660 | -9/Scraptown | Found Prototype Slashing Weapon 3661 | -9/Scraptown | Identified Companion Sword 3690 | -9/Scraptown | Given a B- rating by A0-MCA 3692 | -9/Scraptown | Found A0-MCA's Component Scanner 3777 | -9/Scraptown | Build established: Scrapper 3943 | -9/Scraptown | Met Optimus 3943 | -9/Scraptown | Accepted into 0bPrime 4071 | -9/Scraptown | Civil war broke out across Scraptown 4218 | -9/Scraptown | Optimus destroyed in the chaos of civil war 4223 | -9/Scraptown | Lost 10 allies 4337 | -9/Scraptown | Found PL-3XN's Ring of Power 4406 | -9/Scraptown | Lost 6 allies 4471 | -9/Scraptown | Destroyed by 62-R5B(j) with Overtuned Pulse Rifle Last Messages --------------- 04215_ Dropped Wheel. 04215_ Dropped Arm. Wheel. 04216_ Discarded Scrap Suit. 04218_ ANNOUNCEMENT: The traitor Optimus has been dealt with. Put down any remaining collaborators. 04220_ Acquired Arm. Wheel. [Achievement: Plot Armor] 04223_ Acquired Wheel. 04261_ YE-YXY(j): "Not fair, they have Elites!" 04273_ KG-CVT(j): "Don't throw away your lives for a pipe dream!" Companion Sword: "You're not looking too hot." 04333_ Enclosure breached. 04337_ Acquired PL-3XN's Ring of Power. 04453_ 62-R5B(j): "Can we win this? Even if we take Scraptown, they'll hit us from Junction 34." 04461_ Acquired 30 matter. 04470_ Critical hit (Burn: +50). Map ----- +----------------------------------------------------+ | ?????????????????????????????????????????????????? | | ?????????????????????????????????????????????????? | | ?????????????????????????????????????????????????? | | ?????????????????????????????????????????????????? | | ?????????????????????????????????????????????????? | | ?????????????????????????????????????????????????? | | ?????????????????????????????????????????????????? | | ???????????????????###################???####????? | | ??????????????????#"""##"""##""|##"""#??## ##???? | | ??????????????????#"" ##"" ##"" ##!!"#### ##### | | ??????????????????#"" ! | | ??????????????????# | | ??????????????????####################### ##### | | ????????????????????????????????????????## ##???? | | ???????##########????##??###?????????????# #????? | | ???????#""""""""#????# ###"#?????????????# #????? | | ???????#" & " "#?#### "!" ####??????????# #????? | | ???????#" "#?#" "" "#??????????# #????? | | ???????#"" ""#??#"" ""#???????????# #????? | | ???????#" "#??#=" " #??########## #????? | | ???????#"" = ""#?##"" " ##?#""""""""# ###### | | ???????#" !%! "#?#" "#?#"" " X "# # #=! | | ???????#"" * ""#?##"" % ""##?#"" "# # # ! | | ???????# #??#!" " #??#""" ""# # # | | ???????# #?##"" ! &##?# # # | | ???????# #?#" [=@= "#?# # # | | ???????##"## #"##?######j######?#### ##### ## ### | | ???????##"#" #"#########!########### ##### ## ### | | ???????#" """"""" "%""" """"""" """"" "" "## | | ???????#" !%= !![*%! % "## | | ???????# ![ !!%[! "## | | ??????## =[* "## | | ??????#" ! "## | | ???####"" !%[[ | | ???#""" [%""""""""""""""""""""" """"" "## | | ???#""" =*"""""""""""""""""""""""""""" "## | | ???#""" ""###### ################"" "## | | ???#"""" ""# ##????????#"" "## | | ???#"""" * "# X"#????????#"" "## | | ##?#""""%!% "# "" "" ##????????#"" "## | | "#"#"""" = "# "" "" X"#??????###"" "## | | """#"""" "# " " ######### #"" "## | | "#?#####" "" "" ! | | ##?????#" "" "" "## | | ########" ""# " " ######### #"" "## | | [%= ""# "" "" ""#??????###"" "## | | ! ""# "" "" ##????????#"" "## | | "# X"#????????#"" "#? | | ""# ##????????#"" "## | | %! %!""###### ################"" "## | +----------------------------------------------------+ Best States ------------- Heat Dissipation 25 Energy Generation 15 Energy Capacity 250 Matter Stores 300 Matter Capacity 300 Sight Range 21 Terrain Scan Density 10 Armor Coverage 100 Evasion (%) 55 Item Schematics ----------------- None Robot Schematics ------------------ None Fabricated ------------ Nothing Repaired ---------- Nothing Studied --------- None Alien Tech Used ----------------- None Achievements -------------- Backstab Civilization 2243 Link The Feds Plot Armor You May Approach The Wall Challenges ------------ None Game ------ Seed DiametricPhysicsDriver Manual? 0 Play Time 00:39:58 Cumulative 17.6 hours Start 2026.08.28 @ 21:35:40 End 2026.08.28 @ 22:14:25 Sessions 1 Manual Loads 0 Difficulty Rogue Special Mode None Game No. 32 Rogue 15 Adventurer 15 Explorer 2 Win Type - Total 0 Types 0/0/0/0/0/0/0/0/0/0 Lore% 20 Gallery% 19 Achievement% 15 Wizard Run 0 Options --------- Layout 1 ASCII 0 Keyboard 0 Movement Mouse Keybinds 0 Fullscreen 1 Font 24/Smallcaps Map View 50x35 Zoom Use 0% Tactical HUD 1 Map Filters NONE Filters NONE Steam 1 RUN: a9585bca-2342-40a7-841d-3c733e427b26